 Dungeon Crawl Stone Soup version 0.28-a0-1374-ga75cb3825e (webtiles) character file.

Game seed: 18272813988914715403

42 sanka the Ruffian (level 3, -8/35 HPs)
             Began as a Gnoll Cinder Acolyte on Dec 31, 2021.
             Was a High Priest of Ignis.
             Mangled by Terence (13 damage)
             ... on level 2 of the Dungeon.
             The game lasted 00:01:29 (1412 turns).

sanka the Ruffian (Gnoll Cinder Acolyte)            Turns: 1412, Time: 00:01:30

Health: -8/35      AC:  2    Str: 13    XL:     3   Next: 56%
Magic:  3/7        EV: 11    Int: 15    God:    Ignis [*****.]
Gold:   40         SH:  0    Dex:  7    Spells: 5/7 levels left

rFire   + . .      SeeInvis .     - Unarmed
rCold   . . .      Faith    .   (no shield)
rNeg    . . .      Spirit   .   a - +0 robe
rPois   .          Reflect  .   (no helmet)
rElec   .          Harm     .   (no cloak)
rCorr   .          Rampage  .   (no gloves)
Will    .....                   (no boots)
Stlth   +.........              (no amulet)
HPRegen 0.11/turn               (no ring)
MPRegen 0.10/turn               (no ring)

@: no status effects
A: fangs 1, strong nose, distributed training
a: Renounce Religion, Fiery Armour, Foxfire Swarm, Rising Flame


You were on level 2 of the Dungeon.
You worshipped Ignis.
Ignis was extremely pleased with you.
You visited 1 branch of the dungeon, and saw 2 of its levels.

You collected 40 gold pieces.


Innate Abilities, Weirdness & Mutations

You have very sharp teeth.
Your uncanny sense of smell can sniff out nearby items.
Your experience applies equally to all skills.


   Skills:
 + Level 6.5 Fighting
 + Level 0.8 Short Blades
 + Level 0.8 Long Blades
 + Level 0.8 Axes
 + Level 0.8 Maces & Flails
 + Level 0.8 Polearms
 + Level 0.8 Staves
 + Level 0.8 Slings
 + Level 0.8 Bows
 + Level 0.8 Crossbows
 + Level 0.8 Throwing
 + Level 0.8 Armour
 + Level 0.8 Dodging
 + Level 0.8 Stealth
 + Level 0.8 Shields
 + Level 6.5 Unarmed Combat
 + Level 2.8 Spellcasting
 + Level 0.5 Conjurations
 + Level 0.5 Hexes
 + Level 0.5 Summonings
 + Level 0.5 Necromancy
 + Level 0.5 Translocations
 + Level 0.5 Transmutations
 + Level 5.4 Fire Magic
 + Level 0.5 Ice Magic
 + Level 0.5 Air Magic
 + Level 0.5 Earth Magic
 + Level 0.5 Poison Magic
 + Level 1.0 Invocations
 + Level 0.8 Evocations


You had 5 spell levels left.
You knew the following spells:

 Your Spells              Type           Power      Damage    Failure   Level
y - Scorch                Fire           36%        2d7       3%          2

Your spell library contained the following spells:

 Spells                   Type           Power      Damage    Failure   Level
 Conjure Flame            Conj/Fire      11%        6-21      19%         3
 Static Discharge         Conj/Air       3%         N/A       24%         2
 Ignite Poison            Fire/Tmut/Pois 8%         N/A       26%         3
 Dazzling Flash           Conj/Hex       6%         N/A       43%         3
 Sticky Flame             Conj/Fire      11%        2d3       52%         4
 Dispel Undead            Necr           3%         3d7       85%         4
 Agony                    Necr           3%         N/A       99%         5
 Silence                  Hex/Air        1%         N/A       99%         5

Inventory:

Armour
 a - a +0 robe (worn)
Scrolls
 b - 2 scrolls of immolation {unknown}
 c - a scroll of amnesia {unknown}
 d - 2 scrolls of enchant weapon {unknown}
 f - a scroll of teleportation {unknown}
 g - a scroll of holy word {unknown}
Potions
 e - 3 potions of attraction {unknown}

Dungeon Overview and Level Annotations

Branches:
Dungeon (2/15)

Altars:

Annotations:
D:2 Terence

▒▒▒▒▒▒▒▒▒▒▒ ▒.........▒
▒.▒▒▒▒▒▒▒.▒
▒.▒▒▒▒▒▒▒.▒▒▒▒▒▒▒▒
▒.▒▒.........<...▒
▒▒▒▒▒▒▒▒▒▒▒▒...@g...........▒
<............▒▒.▒▒▒▒.▒▒▒▒▒..▒
.▒▒▒▒▒▒▒▒▒▒▒.▒▒.▒▒▒▒.▒▒▒▒▒..▒
∆ .▒ ▒.....▒▒.......<.▒ .▒
▒▒▒▒▒▒▒.▒▒..▒▒..▒▒▒▒▒▒.▒ .▒
▒...............▒ .▒ .▒
▒.▒▒.........†).▒ .▒ .▒
▒.▒▒.▒▒▒▒▒▒▒.▒▒.▒ .▒ ..
▒.▒▒>▒ ▒.▒▒.▒ .▒


You could see Terence (combustible).


Message History

Found a stone staircase leading up.
Terence the Incautious comes into view.
He is wielding a +0 flail.
Terence shouts!
Terence is nearby!
Terence is nearby!
Terence shouts, "ATTACK!!!"
Terence hits you with a +0 flail!
You hit Terence but do no damage. Terence hits you with a +0 flail.
You barely miss Terence. Terence hits you with a +0 flail.
* * * LOW HITPOINT WARNING * * *
You hit Terence.
Terence is lightly wounded.
Terence hits you with a +0 flail!
* * * LOW HITPOINT WARNING * * *
You hit Terence.
Terence is heavily wounded.
Terence closely misses you.
Nothing quivered!
Nothing quivered!
Terence says, "Rest in peace."
Flames lash Terence but do no damage.
Terence hits you with a +0 flail.
* * * LOW HITPOINT WARNING * * *
Flames lash Terence.
Terence is severely wounded.
Terence's fire resistance burns away.
Terence hits you with a +0 flail!
You die...

Action                   || total
-------------------------++-------
Melee: Unarmed           ||    93
       Bite              ||     7
 Cast: Scorch            ||     2
Armor: Robe              ||    17
Dodge: Dodged            ||    50

Levels and vault maps discovered:
D:1:      minmay_arrival_diagonal_passages, layout_basic, nrook_mini_backslash
D:2:      layout_loops_ring, hellmonk_ecumenical_altar_crossroads,
          uniq_crazy_yiuf_cottage, uniq_terence

Notes
Turn   | Place    | Note
-------+----------+-------------------------------------------
     0 | D:1      | sanka the Gnoll Cinder Acolyte began the quest for the Orb.
     0 | D:1      | Reached XP level 1. HP: 23/23 MP: 4/4
    69 | D:1      | Reached XP level 2. HP: 29/29 MP: 5/5
   544 | D:1      | Reached XP level 3. HP: 17/35 MP: 7/7
   770 | D:1      | Learned a level 2 spell: Scorch
  1179 | D:1      | Reached skill level 1 in Invocations
  1385 | D:2      | Noticed Terence
  1412 | D:2      | Mangled by Terence

Vanquished Creatures
  A dart slug (D:1)
  6 bats (D:1)
  4 endoplasms
  2 giant cockroaches (D:1)
  2 goblins (D:1)
  4 hobgoblins
  6 kobolds
  3 quokkas (D:1)
  2 ball pythons
  2 frilled lizards (D:1)
  4 rats (D:1)
36 creatures vanquished.
